AoeStats
← Your Mom

Black Forest

505229072Analyzed
4v4 RM · 25d ago on Sep 8, 2026· 70m 17s· 8 players
Game mode
Random Map
Map size
Large (8 player)
Population
200
Speed
Normal
Resources
Standard
Victory
Conquest
Starting age
Dark Age
Ending age
Imperial Age
RankedLock teamsTeams togetherTeam positionsShared explorationLock speedFull tech treeHidden civsTurbo modeCheats
Victory
Defeat
🇨🇳 Goths · China
897
+13
🇮🇹 Vietnamese · Italy
888
+13
🇺🇸 Muisca · United States
843
+15
🇩🇪 Khmer · Germany
801
+16
🇨🇳 Wei · China
845
-16
834
-15
🇨🇳 Italians · China
799
-13
🇨🇳 Britons · China
799
-13
打我队友,打我不行
10:42 Feudal Age
15:53 Castle Age
14:14 Horse Collar
14:21 Double-Bit Axe
15:14 Stone Mining
17:37 Bow Saw
20:16 Heavy Plow
21:00 Loom
21:59 Loom
31:56 Imperial Age
29:27 Gold Mining
29:39 Treadmill Crane
30:21 Ballistics
29:57 Murder Holes
30:19 Scale Barding Armor
30:04 Fletching
30:14 Padded Archer Armor
31:31 Wheelbarrow
31:20 Corvinian Army
31:34 Loom
31:34 Town Watch
32:29 Gold Shaft Mining
33:57 Hand Cart
33:32 Elite Magyar Huszar
34:13 Recurve Bow
33:44 Sappers
34:35 Conscription
35:14 Town Patrol
35:40 Chain Barding Armor
35:16 Bodkin Arrow
35:21 Padded Archer Armor
35:35 Masonry
36:27 Chemistry
35:33 Siege Engineers
37:36 Plate Barding Armor
37:02 Bracer
38:01 Leather Archer Armor
38:40 Hoardings
37:42 Light Cavalry
38:34 Bloodlines
38:24 Husbandry
39:13 Capped Ram
42:35 Ring Archer Armor
42:40 Coinage
42:50 Crop Rotation
43:25 Two-Man Saw
46:16 Onager
54:04 Parthian Tactics
53:45 Thumb Ring
66:04 Heavy Cavalry Archer
skiopnado
0:54 Loom
11:32 Feudal Age
14:14 Double-Bit Axe
22:01 Castle Age
31:06 Bow Saw
31:53 Horse Collar
33:31 Stone Mining
33:31 Gold Mining
33:45 Caravan
33:53 Heavy Plow
38:28 Imperial Age
36:36 Wheelbarrow
37:50 Stone Shaft Mining
37:50 Gold Shaft Mining
40:43 Ming Guang Armor
40:45 Conscription
40:28 Tuntian
41:12 Scale Barding Armor
41:17 Forging
41:20 Husbandry
41:31 Bloodlines
42:11 Hand Cart
真稚
1:24 Loom
12:54 Feudal Age
13:44 Double-Bit Axe
20:10 Castle Age
22:53 Bow Saw
22:46 Horse Collar
25:16 Fletching
30:30 Wheelbarrow
29:55 Gold Mining
30:41 Stone Mining
32:29 Bodkin Arrow
33:41 Crossbowman
36:57 Imperial Age
35:19 Hand Cart
34:58 Town Watch
35:18 Padded Archer Armor
35:58 Yeomen
35:48 Town Patrol
36:40 Gold Shaft Mining
36:09 Caravan
36:14 Treadmill Crane
38:34 Bracer
38:23 Elite Longbowman
38:40 Onager
40:19 Leather Archer Armor
39:28 Arbalester
40:28 Fortified Wall
41:19 Chemistry
41:42 Ring Archer Armor
41:36 Siege Engineers
43:10 Conscription
43:55 Warwolf
45:09 Two-Man Saw
54:41 Masonry
枣亦依
0:35 Loom
12:57 Feudal Age
13:34 Town Watch
13:49 Double-Bit Axe
14:12 Horse Collar
15:25 Wheelbarrow
19:08 Fletching
25:04 Castle Age
23:01 Stone Mining
23:16 Gold Mining
26:06 Bow Saw
28:05 Caravan
31:01 Hand Cart
31:38 Padded Archer Armor
31:49 Forging
31:40 Scale Mail Armor
31:53 Heavy Plow
36:26 Imperial Age
36:01 Bodkin Arrow
36:22 Leather Archer Armor
36:53 Elite Genoese Crossbowman
37:55 Conscription
38:53 Squires
38:38 Arson
39:09 Fortified Wall
39:46 Bracer
40:09 Ballistics
41:12 Pirotechnia
42:04 Thumb Ring
42:32 Ring Archer Armor
43:53 Chain Mail Armor
44:14 Iron Casting
45:57 Chemistry
51:58 Plate Mail Armor
52:32 Blast Furnace
TheBulAb69
1:26 Loom
12:52 Feudal Age
13:58 Horse Collar
14:03 Double-Bit Axe
19:55 Wheelbarrow
23:52 Castle Age
24:52 Hand Cart
24:42 Heavy Plow
25:37 Bow Saw
25:36 Stone Mining
26:36 Gold Mining
27:29 Stone Shaft Mining
28:23 Gold Shaft Mining
33:13 Imperial Age
30:59 Forging
30:49 Scale Mail Armor
31:20 Scale Mail Armor
31:11 Fletching
31:06 Treadmill Crane
31:36 Masonry
32:49 Town Watch
33:28 Ballistics
33:48 Iron Casting
33:29 Chain Mail Armor
34:09 Herbalism
35:49 Conscription
35:49 Chain Mail Armor
35:31 Bodkin Arrow
35:33 Champi Runner
36:14 Squires
37:04 Crop Rotation
37:35 Two-Man Saw
37:10 Plate Mail Armor
38:41 Chemistry
37:04 Champi Warrior
39:08 Bracer
39:19 Elite Champi Warrior
42:40 Hoardings
46:16 Elite Temple Guard
50:53 Siege Engineers
50:45 Murder Holes
68:39 Elite Guecha Warrior
69:24 Padded Archer Armor
70:25 Leather Archer Armor
Charming K
1:50 Loom
13:13 Feudal Age
15:52 Gold Mining
19:23 Castle Age
17:43 Stone Mining
17:49 Double-Bit Axe
17:48 Horse Collar
19:57 Fletching
20:44 Bow Saw
21:59 Wheelbarrow
25:16 Thumb Ring
24:41 Crossbowman
27:21 Elite Skirmisher
28:26 Heavy Plow
30:40 Hand Cart
34:59 Imperial Age
34:00 Ballistics
33:43 Bodkin Arrow
36:56 Chemistry
35:48 Arbalester
37:09 Husbandry
37:35 Siege Engineers
39:16 Bloodlines
39:19 Bracer
39:30 Forging
39:26 Scale Barding Armor
39:09 Imperial Skirmisher
40:11 Town Watch
41:31 Paper Money
41:12 Murder Holes
42:33 Two-Man Saw
42:40 Iron Casting
43:23 Chain Barding Armor
43:45 Padded Archer Armor
43:45 Elite Battle Elephant
45:08 Light Cavalry
49:44 Plate Barding Armor
49:25 Leather Archer Armor
48:54 Cavalier
50:22 Chatras
51:29 Onager
51:39 Capped Ram
53:21 Ring Archer Armor
53:43 Crop Rotation
53:27 Fortified Wall
59:23 Town Patrol
58:57 Elite Rattan Archer
60:19 Scale Mail Armor
65:14 Squires
66:07 Hoardings
65:47 Pikeman
66:34 Halberdier
67:01 Arson
66:39 Elite Fire Lancer
Your Mom
0:28 Loom
11:36 Feudal Age
13:36 Double-Bit Axe
18:38 Gold Mining
18:42 Stone Mining
20:02 Horse Collar
23:41 Castle Age
24:16 Wheelbarrow
25:08 Caravan
26:40 Heavy Plow
27:21 Bow Saw
31:51 Gold Shaft Mining
31:54 Stone Shaft Mining
32:03 Fortified Wall
32:15 Ballistics
32:26 Masonry
32:48 Hand Cart
37:11 Imperial Age
36:07 Bloodlines
35:58 Husbandry
37:02 Scale Barding Armor
38:13 Conscription
38:58 Heavy Scorpion
39:42 Tusk Swords
39:14 Capped Ram
40:57 Double Crossbow
40:43 Siege Ram
42:03 Elite Battle Elephant
43:34 Chain Barding Armor
43:25 Forging
43:16 Scale Mail Armor
42:54 Pikeman
43:48 Halberdier
46:03 Plate Barding Armor
46:05 Iron Casting
45:47 Chain Mail Armor
61:55 Light Cavalry
62:58 Hussar
noob
1:28 Loom
14:19 Feudal Age
14:49 Double-Bit Axe
14:46 Horse Collar
17:24 Gold Mining
19:45 Castle Age
19:54 Stone Mining
19:56 Fletching
20:19 Forging
20:11 Scale Mail Armor
20:22 Scale Mail Armor
20:13 Fletching
20:41 Bow Saw
21:09 Heavy Plow
31:53 Stone Shaft Mining
35:16 Imperial Age
34:22 Chain Mail Armor
34:26 Squires
36:10 Pikeman
36:55 Town Watch
38:53 Conscription
38:36 Perfusion
39:02 Halberdier
41:28 Two-Man Saw
41:39 Forging
42:03 Crop Rotation
42:30 Wheelbarrow
43:16 Iron Casting
42:38 Bodkin Arrow
44:26 Hand Cart
44:13 Town Patrol
45:18 Blast Furnace
44:57 Elite Huskarl
46:28 Bracer
47:38 Anarchy
48:12 Caravan
48:51 Padded Archer Armor
48:57 Scale Barding Armor
51:51 Chemistry
51:03 Masonry
50:49 Murder Holes
51:15 Ballistics
50:27 Capped Ram
52:46 Leather Archer Armor
52:53 Chain Barding Armor
51:58 Elite Skirmisher
53:53 Imperial Skirmisher
53:54 Crossbowman
54:24 Heavy Cavalry Archer
55:27 Sanctity
55:08 Devotion
55:33 Illumination
55:43 Theocracy
55:05 Herbal Medicine
55:20 Fervor
56:11 Ring Archer Armor
59:14 Coinage
58:20 Man-at-Arms
58:23 Onager
58:24 Heavy Scorpion
59:38 Architecture
59:23 Guilds
61:15 Long Swordsman
63:37 Sappers
65:05 Banking
67:02 Two-Handed Swordsman
68:59 Champion
Connection lost

Rejoining the realm…

Still unreachable

The connection could not be restored.

Session expired

The server has moved on; the page needs a fresh start.